 Dungeon Crawl Stone Soup version 0.29.1-13-g9f3cf754e1 (webtiles) character file.

Game seed: 1354325203754531096

56 GigaChad the Covered (level 3, -1/33 HPs)
             Began as a Minotaur Fighter on Jan 20, 2023.
             Slain by Robin
             ... wielding a +0 spear
              (2 damage)
             ... on level 2 of the Dungeon.
             The game lasted 00:01:12 (1147 turns).

GigaChad the Covered (Minotaur Fighter)             Turns: 1147, Time: 00:01:12

Health: -1/33      AC:  7    Str: 22    XL:     3   Next: 69%
Magic:  2/2        EV:  9    Int:  5    God:
Gold:   78         SH:  4    Dex:  9    Spells: 2/2 levels left

rFire   . . .      SeeInvis .   a - +0 war axe
rCold   . . .      Faith    .   c - +0 buckler
rNeg    . . .      Spirit   .   b - +0 scale mail
rPois   .          Reflect  .   (helmet restricted)
rElec   .          Harm     .   (no cloak)
rCorr   .          Rampage  .   (no gloves)
Will    .....                   (no boots)
Stlth   ..........              (no amulet)
HPRegen 0.11/turn               (no ring)
MPRegen 0.08/turn               (no ring)

@: no status effects
A: horns 2, retaliatory headbutt
a: no special abilities


You were on level 2 of the Dungeon.
You visited 1 branch of the dungeon, and saw 2 of its levels.

You collected 78 gold pieces.

Inventory:

Hand Weapons
 a - a +0 war axe (weapon)
Armour
 b - a +0 scale mail (worn)
 c - a +0 buckler (worn)
Jewellery
 g - a ring of positive energy
Scrolls
 f - a scroll of immolation {unknown}
Potions
 d - a potion of might
 e - 2 potions of lignification {unknown}


   Skills:
 + Level 4.1 Fighting
 + Level 3.2 Axes
 + Level 4.2 Armour
 + Level 0.5 Dodging
 + Level 4.1 Shields


You had 2 spell levels left.
You didn't know any spells.
Your spell library was empty.

Dungeon Overview and Level Annotations

Branches:
Dungeon (2/15)

Altars:

Annotations:
D:2 Robin


Innate Abilities, Weirdness & Mutations

You have a pair of horns on your head.
You reflexively headbutt those who attack you in melee.


Message History

* * * LOW HITPOINT WARNING * * *
You barely miss the hobgoblin.
A giant cockroach comes into view.
The hobgoblin hits you but does no damage.
Robin hits you but does no damage. You block the hobgoblin's attack.
Robin hits you from afar with a +0 spear.
* * * LOW HITPOINT WARNING * * *
You hit the hobgoblin.
The hobgoblin is almost dead.
You slash the giant cockroach!
You kill the giant cockroach!
You block the hobgoblin's attack. You block Robin's attack.
You closely miss the hobgoblin.
The hobgoblin is almost dead.
The hobgoblin barely misses you. Robin hits you but does no damage.
You barely miss the hobgoblin.
You headbutt the hobgoblin, but do no damage.
The hobgoblin is almost dead.
The hobgoblin closely misses you.
Robin hits you from afar with a +0 spear.
* * * LOW HITPOINT WARNING * * *
The hobgoblin closely misses you. You furiously retaliate!
You headbutt the hobgoblin.
You kill the hobgoblin!
Robin closely misses you.
You slash the hobgoblin!
You kill the hobgoblin!
The goblin unwields a +0 dagger.
The goblin wields a +0 sling.
The goblin shoots a sling bullet.
You block the sling bullet. Robin hits you but does no damage.
The goblin unwields a +0 sling.
The goblin wields a +0 dagger.
The goblin hits you with a +0 dagger.
* * * LOW HITPOINT WARNING * * *
Items here: )) ††††.
You hit Robin.
Robin is moderately wounded.
You slash the goblin!
You kill the goblin!
Robin hits you with a +0 spear.
You die...

###)# ....# ....#
...# ##..# # ####...#
..###.###)(..#.#.#.##
.......)@g...<...g$..
.####.###g###......##
# ..## ##.#.### #.#
#J.# ... $.# #.# .##
#. . # #


You could see Robin and a hobgoblin (strong).

Vanquished Creatures
  An adder (D:2)
  3 bats (D:1)
  4 endoplasms
  4 giant cockroaches
  8 goblins
  6 hobgoblins
  4 jackals (D:1)
  A quokka (D:1)
  4 ball pythons (D:1)
  2 frilled lizards (D:1)
  3 kobolds (D:1)
40 creatures vanquished.

Notes
Turn   | Place    | Note
-------+----------+-------------------------------------------
     0 | D:1      | GigaChad the Minotaur Fighter began the quest for the Orb.
     0 | D:1      | Reached XP level 1. HP: 19/19 MP: 0/0
   362 | D:1      | Reached XP level 2. HP: 27/27 MP: 1/1
   549 | D:1      | Found a faded altar of an unknown god.
   882 | D:1      | Reached XP level 3. HP: 23/33 MP: 2/2
  1117 | D:2      | Noticed Robin
  1146 | D:2      | HP: 1/33 [goblin/+0 dagger[Robin] (1)]
  1147 | D:2      | Slain by Robin

Illustrated notes

Levels and vault maps discovered:
D:1:      minmay_arrival_solitary_statue, layout_loops_corners,
          shapermc_ecumenical_altar_venn
D:2:      layout_loops_ring, uniq_crazy_yiuf_cottage, uniq_sigmund,
          uniq_terence, uniq_robin

Skill      XL: |  1  2  3 |
---------------+----------+-----
Fighting       | 4 |  4.1
Shields        | 4 |  4.1
Armour         | 4 |  4.2
Axes           | 3 |  3.2
Dodging        | |  0.5

Action                   || total
-------------------------++-------
Melee: War axe           ||    77
       Headbutt          ||     9
Armor: Scale mail        ||    68
Dodge: Dodged            ||    47
Block: Buckler           ||    28
